cohdb
Replays
Latest Replays
All Replays
Popular Replays
Top Player Replays
Match Explorer
How It Works
Community
CoH3 Stats
Reddit
Sign in to upload your games and track your stats! →
Sign in with Steam
Match 20513086
Unlisted
Match 20513086
Overview
Messages
Build Orders
End
Construct Infanterie Kompanie
Selects Breakthrough Battlegroup
Selects Assault Grenadiers
Grenadier Squad
Grenadier Squad
Grenadier Squad
Medical Station
Construct Luftwaffe Kompanie
Jäger Squad
Jäger Squad
Jäger Squad
Selects 2.5-tonne Cargo Truck
Selects Blitzkrieg
Construct Panzer Kompanie
Stoßtruppen Squad
Stoßtruppen Squad
Jäger Squad
Jäger Squad
Selects Tiger Heavy Tank
Tiger Heavy Tank
Pioneer Squad
ao43
Nuke
SneaKerz
gb_gbg
0
0
Comments
sign in to comment!
No comments posted yet!